 Dungeon Crawl Stone Soup version 0.27.1-4-g1640c2035a (webtiles) character file.

Game seed: 8985964758202954296

133 infcreate the Skirmisher (level 5, -1/33 HPs)
             Began as a Gargoyle Fighter on Nov 12, 2021.
             Killed from afar by Ijyb (12 damage)
             ... with an iceblast
             ... on level 3 of the Dungeon.
             The game lasted 00:05:24 (2980 turns).

infcreate the Skirmisher (Gargoyle Fighter)         Turns: 2980, Time: 00:05:24

Health: -1/33      AC: 12    Str: 24    XL:     5   Next: 16%
Magic:  5/5        EV:  7    Int: 12    God:
Gold:   80         SH:  9    Dex:  9    Spells: 4/4 levels left

rFire    . . .     SeeInvis +   a - +0 flail
rCold    . . .     Faith    .   c - +0 kite shield
rNeg     + . .     Spirit   .   b - +0 scale mail
rPois    ∞         Reflect  .   l - +0 helmet
rElec    +         Harm     .   (no cloak)
rCorr    .         Rampage  .   (no gloves)
Will     .....                  (no boots)
Stlth    ..........             (no amulet)
HPRegen  0.11/turn              g - ring "Manoex" {Str+4 Int+3 SInv}
MPRegen  0.09/turn              (no ring)

@: no status effects
A: sickness immunity, AC +4, negative energy resistance 1, electricity
resistance, torment resistance 1, petrification resistance
a: no special abilities


You were on level 3 of the Dungeon.
You visited 1 branch of the dungeon, and saw 3 of its levels.

You collected 80 gold pieces.


Innate Abilities, Weirdness & Mutations

You are immune to sickness and miasma.
Your stone body is resilient. (AC +4)
You are immune to poison.
You resist negative energy. (rN+)
You are resistant to electric shocks. (rElec)
You are resistant to unholy torment.
You are immune to petrification.


   Skills:
 + Level 4.2 Fighting
 + Level 3.1 Maces & Flails
 + Level 4.2 Armour
 + Level 4.2 Shields


You had 4 spell levels left.
You didn't know any spells.
Your spell library contained the following spells:

 Spells                   Type           Power      Damage    Failure   Level
 Portal Projectile        Hex/Tloc       0%         N/A       100%        3
 Blade Hands              Tmut           0%         N/A       100%        5
 Excruciating Wounds      Necr           0%         N/A       100%        5

Inventory:

Hand Weapons
 a - a +0 flail (weapon)
Armour
 b - a +0 scale mail (worn)
 c - a +0 kite shield (worn)
 l - a +0 helmet (worn)
Jewellery
 g - the ring "Manoex" (left hand) {Str+4 Int+3 SInv}
   (You acquired it on level 3 of the Dungeon)

   [ring of see invisible]

   Str:       It affects your strength (+4).
   Int:       It affects your intelligence (+3).
   SInv:      It lets you see invisible.
Scrolls
 e - a scroll of immolation
Potions
 d - a potion of might
 f - a potion of haste {unknown}
 k - 2 potions of curing {@q1}

Dungeon Overview and Level Annotations

Branches:
Dungeon (3/15)

Altars:

Annotations:
D:2 Sigmund
D:3 Ijyb

#........†...#
#.........##.#
#.......g.<#.#
#..........#.#
...........#.#
........####.#
........####.#
......>....#.#
.......@##†#.#
##########...#
#####


You could see Ijyb.


Message History

You hear the sound of rushing water.
There is an entrance to a sewer on this level.
Hurry and find it before the portal rusts away!
There is a stone staircase leading up here.
An adder comes into view.
You barely miss the adder.
The adder bites you but does no damage. x2
You hit the adder.
The adder is heavily wounded.
The adder bites you but does no damage. The adder barely misses you.
You miss the adder.
The adder is heavily wounded.
You block the adder's attack. x2
You barely miss the adder.
The adder is heavily wounded.
The adder bites you but does no damage. You block the adder's attack.
You miss the adder.
The adder is heavily wounded.
The adder bites you.
* * * LOW HITPOINT WARNING * * *
The adder bites you.
* * * LOW HITPOINT WARNING * * *
You barely miss the adder.
The adder is heavily wounded.
You block the adder's attack. x2
You thump the adder!
You kill the adder!
You see here an adder corpse.
Ijyb the Twisted Goblin comes into view.
She is wielding a +5 dagger of venom and carrying a wand of iceblast (4).
Ijyb shouts!
Ijyb zaps a wand.
The mass of ice explodes!
The iceblast engulfs you!
You die...

Skill      XL: |  1  2  3  4 |
---------------+-------------+-----
Fighting       | 4 |  4.2
Shields        | 4 |  4.2
Armour         | 4 |  4.2
Maces & Flails | 3 |  3.1

Action                   |  1- 3 |  4- 6 || total
-------------------------+-------+-------++-------
Melee: Flail             |    70 |   106 ||   176
  Use: Scroll            |       |     5 ||     5
Armor: Scale mail        |    36 |    49 ||    85
Dodge: Dodged            |    20 |    28 ||    48
Block: Kite shield       |    35 |    54 ||    89

Levels and vault maps discovered:
D:1:      dpeg_arrival_simpleton_c, layout_basic,
          hellmonk_ecumenical_altar_zigzags, minmay_misc_feat_plants
D:2:      layout_loops_corners, uniq_robin
D:3:      layout_basic, gup_sewer_entry_bowl, uniq_sigmund, uniq_terence,
          uniq_ijyb

Notes
Turn   | Place    | Note
-------+----------+-------------------------------------------
     0 | D:1      | infcreate the Gargoyle Fighter began the quest for the Orb.
     0 | D:1      | Reached XP level 1. HP: 14/14 MP: 1/1
    55 | D:1      | Found a faded altar of an unknown god.
   338 | D:1      | Reached XP level 2. HP: 19/19 MP: 2/2
  1090 | D:1      | Reached XP level 3. HP: 20/24 MP: 3/3
  1390 | D:2      | Reached XP level 4. HP: 12/29 MP: 4/4
  1774 | D:2      | Reached skill level 4 in Fighting
  1843 | D:2      | Noticed Robin
  2084 | D:2      | Reached skill level 4 in Shields
  2209 | D:2      | Reached skill level 4 in Armour
  2632 | D:2      | Killed Robin
  2633 | D:2      | Reached skill level 3 in Maces & Flails
  2633 | D:2      | Reached XP level 5. HP: 33/33 MP: 5/5
  2810 | D:3      | Noticed Sigmund
  2825 | D:3      | Identified a scroll of acquirement
  2825 | D:3      | Acquired the ring "Manoex" {Str+4 Int+3 SInv}
  2980 | D:3      | Noticed Ijyb
  2980 | D:3      | Killed from afar by Ijyb

Vanquished Creatures
  An iguana (D:2)
  Robin (D:2)
  3 adders
  3 worms
  6 ball pythons
  3 endoplasms
  3 giant cockroaches
  9 goblins
  8 hobgoblins
  4 jackals
  6 kobolds
  4 bats
  2 frilled lizards
  A rat (D:2)
54 creatures vanquished.

Table legend: (Time is in decaauts)
 A = Elapsed time spent in this place.
 B = Non-inter-level travel time spent in this place.
 C = Inter-level travel time spent in this place.
 D = Time resting spent in this place.
 E = Time spent auto-exploring this place.
 F = Levels seen in this place.
 G = Mean time per level.
                   A        B        C        D        E       F      G
               +--------+--------+--------+--------+--------+-----+--------+
         Total |   3071 |   2928 |    143 |    144 |   2138 |   3 | 1023.7 |
       Dungeon |   3071 |   2928 |    143 |    144 |   2138 |   3 | 1023.7 |
               +--------+--------+--------+--------+--------+-----+--------+

Top non-repeatable levels by time:
     D:2: 1652 daAuts
     D:1: 1353 daAuts
     D:3: 66 daAuts

Table legend:
 A = Non-vault XP
 B = Vault XP
 C = Vault XP percentage of total XP
 D = Non-vault monster count
 E = Vault monster count
 F = Vault count percentage of total count
                 A         B        C        D         E       F
            +---------+---------+-------+---------+---------+-------
      Total |     153 |      38 |  19.9 |      42 |      12 |  22.2
            +---------+---------+-------+---------+---------+-------
        D:1 |      47 |       4 |   7.8 |      19 |       2 |   9.5
        D:2 |      90 |      34 |  27.4 |      21 |      10 |  32.3
        D:3 |      16 |       0 |   0.0 |       2 |       0 |   0.0
            +---------+---------+-------+---------+---------+-------
